 Dungeon Crawl Stone Soup version 0.29.0-4-gdea44cf6ec (webtiles) character file.

Game seed: 7326309430870683843

2821 qw the Cleaver (level 9, 0/79 HPs)
             Began as a Minotaur Berserker on Sept 7, 2022.
             Was an Elder of Trog.
             Succumbed to a killer bee's poison
             ... on level 7 of the Dungeon.
             The game lasted 00:02:32 (7727 turns).

qw the Cleaver (Minotaur Berserker)                 Turns: 7727, Time: 00:02:32

Health: 0/79       AC: 13    Str: 26    XL:     9   Next: 45%
Magic:  8/8        EV:  9    Int:  4    God:    Trog [****..]
Gold:   7          SH:  0    Dex: 10    Spells: 8/8 levels left

rFire   . . .      SeeInvis .   Y - +1 broad axe
rCold   . . .      Faith    .   (no shield)
rNeg    . . .      Spirit   .   q - +0 chain mail
rPois   .          Reflect  .   (helmet restricted)
rElec   .          Harm     .   d - +0 cloak
rCorr   .          Rampage  .   (no gloves)
Will    .....                   i - +1 pair of boots
Stlth   ..........              (no amulet)
HPRegen 0.23/turn               (no ring)
MPRegen 0.11/turn               (no ring)

@: lethally poisoned (0 -> -6), on berserk cooldown, slowed, very slow
A: horns 2, retaliatory headbutt
a: Renounce Religion, Berserk, Trog's Hand, Brothers in Arms


You were on level 7 of the Dungeon.
You worshipped Trog.
Trog was greatly pleased with you.
You visited 1 branch of the dungeon, and saw 7 of its levels.

You collected 446 gold pieces.
You spent 439 gold pieces at shops.


Innate Abilities, Weirdness & Mutations

You have a pair of horns on your head.
You reflexively headbutt those who attack you in melee.


   Skills:
 + Level 7.6 Fighting
 - Level 13.5 Axes
 - Level 1.3 Throwing
 - Level 5.0 Armour
 - Level 2.1 Dodging


You had 8 spell levels left.
You didn't know any spells.
Your spell library was empty.

Inventory:

Hand Weapons
 r - a +0 morningstar
 Y - a +1 broad axe (weapon)
Missiles
 h - 5 boomerangs (quivered)
Armour
 d - a +0 cloak (worn)
 i - a +1 pair of boots (worn)
 p - a scarf of shadows
 q - a +0 chain mail (worn)
Scrolls
 e - a scroll of identify
 j - 2 scrolls of silence {unknown}
 s - a scroll of butterflies {unknown}
Potions
 a - 2 potions of might
 b - a potion of cancellation
 c - a potion of attraction {unknown}
 f - a potion of magic {unknown}
 n - a potion of mutation {unknown}
 o - 2 potions of lignification {unknown}
 t - a potion of haste {unknown}

Dungeon Overview and Level Annotations

Branches:
Dungeon (7/15)             Temple (0/1) D:5

Altars:
Gozag
Nemelex Xobeh
Trog
The Shining One

Shops:
D:7 *


Message History

The killer bee closely misses you. You furiously retaliate!
You headbutt the killer bee!
You kill the killer bee!
Trog accepts your kill.
You hit the killer bee.
The killer bee is lightly wounded.
You feel very sick. The killer bee completely misses you.
A killer bee comes into view.
You miss the killer bee. Your headbutt misses the killer bee.
The killer bee is lightly wounded.
You feel sick. The killer bee stings you.
The killer bee stings you but does no damage.
A killer bee comes into view.
You miss the killer bee.
The killer bee is lightly wounded.
The killer bee buzzes angrily.
You slash the killer bee!
You feel sick.
The killer bee stings you but does no damage.
You slice the killer bee!!
You kill the killer bee!
Trog accepts your kill.
You miss the killer bee.
You feel sick.
The killer bee stings you but does no damage.
You closely miss the killer bee. Your headbutt misses the killer bee.
The killer bee is lightly wounded.
You miss the killer bee.
You feel sick.
The killer bee stings you but does no damage.
The killer bee barely misses you. The killer bee closely misses you.
You furiously retaliate!
You headbutt the killer bee. You hit the killer bee.
The killer bee is moderately wounded.
You barely miss the killer bee. x2
You are no longer berserk.
You are exhausted.
You feel yourself slow down.
You die...

# #.#
.# #
#.# .#
P#S~~ #
#### ##
$... .#
#..# .#
#..# .#
#..# .#
#yy# ..
#@y# .#
#..# .#
#).# ..
.....
.#..###
##.>.#
##.# .#
.#


You could see 3 killer bees and an electric eel.

Vanquished Creatures
  Joseph (D:7)
  A hornet (D:7)
  3 water moccasins (D:6)
  A black bear (D:4)
  An ice beast (D:5)
  An ogre (D:5)
  2 phantoms
  2 kobold brigands
  A bullfrog (D:4)
  2 scorpions
  A necrophage (D:5)
  5 wights (D:4)
  2 killer bees (D:7)
  A jelly (D:4)
  A gnoll bouda (D:6)
  3 hounds
  An orc priest (D:6)
  5 iguanas
  Ijyb (D:4)
  4 orc wizards
  Robin (D:4)
  10 gnolls
  12 adders
  2 shadow imps (D:6)
  A white imp (D:6)
  An ufetubus (D:4)
  5 dart slugs
  2 worms (D:2)
  20 orcs
  13 ball pythons
  9 endoplasms
  10 giant cockroaches
  11 hobgoblins
  12 jackals
  2 quokkas
  5 bats
  8 frilled lizards
  14 goblins
  12 kobolds
  6 rats
195 creatures vanquished.

Notes
Turn   | Place    | Note
-------+----------+-------------------------------------------
     0 | D:1      | qw the Minotaur Berserker began the quest for the Orb.
     0 | D:1      | Reached XP level 1. HP: 19/19 MP: 0/0
     0 | D:1      | 0 ||| qw: Version: 0.1-a-108-g9e35731
     0 | D:1      | 0 ||| qw: Game counter: 6507
     0 | D:1      | 0 ||| qw: Always use a shield: true
     0 | D:1      | 0 ||| qw: Do Orc after D:15 true
     0 | D:1      | 0 ||| qw: Do second Lair branch before Depths: true
     0 | D:1      | 0 ||| qw: Lair rune preference: random
     0 | D:1      | 0 ||| qw: Plans: Normal
     0 | D:1      | 0 ||| PLANNING D:1-11
    36 | D:1      | 36 ||| Stepping ~*~*~tactically~*~*~ (stealth).
    46 | D:1      | Reached skill level 4 in Axes
    49 | D:1      | 49 ||| Stepping ~*~*~tactically~*~*~ (stealth).
   118 | D:1      | 118 ||| DROPPING +0 club.
   239 | D:1      | Reached XP level 2. HP: 26/26 MP: 1/1
   265 | D:1      | 265 ||| Stepping ~*~*~tactically~*~*~ (hiding).
   411 | D:1      | 411 ||| Stepping ~*~*~tactically~*~*~ (hiding).
   648 | D:1      | 648 ||| Stepping ~*~*~tactically~*~*~ (stealth).
   650 | D:1      | 650 ||| Stepping ~*~*~tactically~*~*~ (stealth).
   653 | D:1      | 653 ||| Stepping ~*~*~tactically~*~*~ (stealth).
   655 | D:1      | 655 ||| Stepping ~*~*~tactically~*~*~ (stealth).
   657 | D:1      | 657 ||| Stepping ~*~*~tactically~*~*~ (stealth).
   668 | D:1      | 668 ||| Stepping ~*~*~tactically~*~*~ (stealth).
   690 | D:1      | Reached skill level 5 in Axes
   718 | D:1      | 718 ||| Stepping ~*~*~tactically~*~*~ (hiding).
   721 | D:1      | Reached XP level 3. HP: 31/31 MP: 2/2
   788 | D:1      | Found a faded altar of an unknown god.
   901 | D:1      | 901 ||| Stepping ~*~*~tactically~*~*~ (stealth).
   927 | D:1      | Reached ** piety under Trog
   949 | D:1      | 949 ||| Stepping ~*~*~tactically~*~*~ (stealth).
  1155 | D:1      | 1155 ||| INVOKING Berserk.
  1269 | D:1      | 1269 ||| UPGRADING to +0 ring mail.
  1279 | D:1      | 1279 ||| DROPPING +0 animal skin.
  1280 | D:1      | 1280 ||| UPGRADING to +0 scale mail.
  1290 | D:1      | 1290 ||| DROPPING +0 ring mail.
  1291 | D:1      | 1291 ||| READING scroll labelled NYQIAT TIMUL.
  1292 | D:1      | 1292 ||| READING scroll labelled EVEURHIOTO.
  1349 | D:2      | 1349 ||| STAIRDANCE
  1493 | D:2      | 1493 ||| INVOKING Berserk.
  1730 | D:2      | 1730 ||| Stepping ~*~*~tactically~*~*~ (stealth).
  1731 | D:2      | 1731 ||| Stepping ~*~*~tactically~*~*~ (stealth).
  1741 | D:2      | Reached XP level 4. HP: 26/39 MP: 3/3
  1852 | D:2      | Reached skill level 6 in Axes
  2533 | D:2      | 2533 ||| READING scroll labelled PENEGICLUV.
  2534 | D:2      | 2534 ||| READING 2 scrolls labelled TITOAS KAS.
  2535 | D:2      | 2535 ||| DRINKING 2 smoky coppery potions.
  2536 | D:2      | 2536 ||| DROPPING potion of brilliance.
  2644 | D:3      | 2644 ||| DROPPING +0 whip.
  2766 | D:3      | 2766 ||| Stepping ~*~*~tactically~*~*~ (hiding).
  2777 | D:3      | 2777 ||| FLEEEEING.
  2778 | D:3      | 2778 ||| FLEEEEING.
  2779 | D:3      | 2779 ||| FLEEEEING.
  2780 | D:3      | 2780 ||| FLEEEEING.
  2781 | D:3      | 2781 ||| FLEEEEING.
  2782 | D:3      | 2782 ||| FLEEEEING.
  2783 | D:3      | 2783 ||| FLEEEEING.
  2786 | D:3      | 2786 ||| FLEEEEING.
  2787 | D:3      | 2787 ||| FLEEEEING.
  2788 | D:3      | 2788 ||| FLEEEEING.
  2789 | D:3      | 2789 ||| FLEEEEING.
  2804 | D:3      | 2804 ||| FLEEEEING.
  2805 | D:3      | 2805 ||| STAIRDANCE
  2849 | D:2      | 2849 ||| UPGRADING to +0 cloak.
  2857 | D:3      | 2857 ||| STAIRDANCE
  3027 | D:3      | Found a bloodstained altar of Trog.
  3141 | D:3      | 3141 ||| UPGRADING to +1 pair of boots.
  3400 | D:3      | 3400 ||| DRINKING 2 blue potions.
  3501 | D:3      | 3501 ||| DRINKING 2 purple potions.
  3502 | D:3      | 3502 ||| DROPPING potion of ambrosia.
  3580 | D:4      | 3580 ||| PLANNING SEWER
  3600 | D:4      | Noticed Ijyb
  3601 | D:4      | 3601 ||| Stepping ~*~*~tactically~*~*~ (stealth).
  3603 | D:4      | 3603 ||| Stepping ~*~*~tactically~*~*~ (hiding).
  3610 | D:4      | 3610 ||| INVOKING Berserk.
  3614 | D:4      | Killed Ijyb
  3615 | D:4      | Reached skill level 7 in Axes
  3615 | D:4      | Reached XP level 5. HP: 45/45 MP: 4/4
  3633 | D:4      | 3633 ||| FLEEEEING.
  3635 | D:4      | 3635 ||| FLEEEEING.
  3636 | D:4      | 3636 ||| FLEEEEING.
  3637 | D:4      | 3637 ||| STAIRDANCE
  3707 | D:4      | Reached *** piety under Trog
  3828 | D:4      | 3828 ||| Stepping ~*~*~tactically~*~*~ (hiding).
  3849 | D:4      | 3849 ||| INVOKING Berserk.
  3858 | D:4      | Noticed Robin
  3859 | D:4      | 3859 ||| Stepping ~*~*~tactically~*~*~ (stealth).
  3868 | D:4      | 3868 ||| Stepping ~*~*~tactically~*~*~ (stealth).
  3869 | D:4      | 3869 ||| Stepping ~*~*~tactically~*~*~ (stealth).
  3873 | D:4      | Killed Robin
  3881 | D:4      | Reached XP level 6. HP: 24/52 MP: 5/5
  4084 | D:4      | Found an opulent altar of Gozag.
  4171 | D:4      | 4171 ||| RIP SEWER
  4178 | D:4      | 4178 ||| PLANNING D:1-11
  4188 | D:4      | Reached skill level 8 in Axes
  4216 | D:4      | 4216 ||| Stepping ~*~*~tactically~*~*~ (stealth).
  4219 | D:4      | 4219 ||| Stepping ~*~*~tactically~*~*~ (stealth).
  4242 | D:4      | 4242 ||| Stepping ~*~*~tactically~*~*~ (water).
  4354 | D:4      | 4354 ||| Stepping ~*~*~tactically~*~*~ (stealth).
  4357 | D:4      | 4357 ||| Stepping ~*~*~tactically~*~*~ (stealth).
  4393 | D:4      | 4393 ||| INVOKING Berserk.
  4395 | D:4      | Reached skill level 9 in Axes
  4400 | D:4      | HP: 17/82 [wight/+4 falchion (9)]
  4400 | D:4      | HP: 8/78 [wight/+7 spear of freezing (5)]
  4403 | D:4      | Reached skill level 6 in Fighting
  4403 | D:4      | Reached XP level 7. HP: 8/63 MP: 6/6
  4700 | D:4      | 4700 ||| Stepping ~*~*~tactically~*~*~ (stealth).
  4701 | D:4      | 4701 ||| SWAPPING to +0 war axe.
  4703 | D:4      | 4703 ||| Stepping ~*~*~tactically~*~*~ (stealth).
  4704 | D:4      | 4704 ||| Stepping ~*~*~tactically~*~*~ (stealth).
  4708 | D:4      | 4708 ||| DROPPING +1 hand axe.
  4733 | D:4      | 4733 ||| Stepping ~*~*~tactically~*~*~ (stealth).
  4752 | D:4      | Reached **** piety under Trog
  4815 | D:4      | 4815 ||| INVOKING Berserk.
  4820 | D:4      | Reached skill level 10 in Axes
  5000 | D:4      | Reached skill level 1 in Throwing
  5126 | D:4      | 5126 ||| UPGRADING to +0 chain mail.
  5136 | D:4      | 5136 ||| DROPPING +0 scale mail.
  5137 | D:4      | 5137 ||| DROPPING amulet of magic regeneration.
  5138 | D:4      | 5138 ||| DROPPING ring of flight.
  5139 | D:4      | 5139 ||| READING scroll labelled MUSEGH JYSUS.
  5140 | D:4      | 5140 ||| READING scroll labelled UZIEMMUSKU.
  5141 | D:4      | 5141 ||| DRINKING 2 lumpy coppery potions.
  5153 | D:5      | Entered Level 5 of the Dungeon
  5172 | D:5      | 5172 ||| Stepping ~*~*~tactically~*~*~ (stealth).
  5173 | D:5      | 5173 ||| Stepping ~*~*~tactically~*~*~ (stealth).
  5334 | D:5      | 5334 ||| Stepping ~*~*~tactically~*~*~ (stealth).
  5335 | D:5      | 5335 ||| Stepping ~*~*~tactically~*~*~ (stealth).
  5344 | D:5      | Reached skill level 3 in Armour
  5344 | D:5      | Reached XP level 8. HP: 69/70 MP: 7/7
  5450 | D:5      | 5450 ||| Stepping ~*~*~tactically~*~*~ (hiding).
  5454 | D:5      | 5454 ||| Stepping ~*~*~tactically~*~*~ (hiding).
  5486 | D:5      | Identified the +0 leather armour of Eternal Vigilance
                  | {-Cast rC+ Str+5}
  5491 | D:5      | 5491 ||| SWAPPING to +0 broad axe.
  5492 | D:5      | 5492 ||| DROPPING +0 war axe.
  5691 | D:5      | Found a staircase to the Ecumenical Temple.
  5694 | D:5      | 5694 ||| Stepping ~*~*~tactically~*~*~ (hiding).
  6015 | D:5      | 6015 ||| INVOKING Berserk.
  6017 | D:5      | Reached skill level 11 in Axes
  6187 | D:6      | 6187 ||| Stepping ~*~*~tactically~*~*~ (hiding).
  6188 | D:6      | 6188 ||| Stepping ~*~*~tactically~*~*~ (hiding).
  6315 | D:6      | 6315 ||| Stepping ~*~*~tactically~*~*~ (hiding).
  6406 | D:6      | 6406 ||| Stepping ~*~*~tactically~*~*~ (stealth).
  6424 | D:6      | 6424 ||| Stepping ~*~*~tactically~*~*~ (stealth).
  6426 | D:6      | 6426 ||| Stepping ~*~*~tactically~*~*~ (stealth).
  6428 | D:6      | 6428 ||| Stepping ~*~*~tactically~*~*~ (stealth).
  6439 | D:6      | 6439 ||| READING scroll of enchant weapon.
  6439 | D:6      | 6439 ||| ENCHANTING +0 broad axe.
  6442 | D:6      | 6442 ||| Stepping ~*~*~tactically~*~*~ (stealth).
  6443 | D:6      | 6443 ||| Stepping ~*~*~tactically~*~*~ (hiding).
  6453 | D:6      | 6453 ||| Stepping ~*~*~tactically~*~*~ (stealth).
  6455 | D:6      | 6455 ||| Stepping ~*~*~tactically~*~*~ (stealth).
  6457 | D:6      | 6457 ||| Stepping ~*~*~tactically~*~*~ (stealth).
  6458 | D:6      | 6458 ||| Stepping ~*~*~tactically~*~*~ (stealth).
  6479 | D:6      | 6479 ||| Stepping ~*~*~tactically~*~*~ (stealth).
  6480 | D:6      | 6480 ||| Stepping ~*~*~tactically~*~*~ (stealth).
  6486 | D:6      | 6486 ||| Stepping ~*~*~tactically~*~*~ (hiding).
  6489 | D:6      | 6489 ||| Stepping ~*~*~tactically~*~*~ (hiding).
  6649 | D:6      | 6649 ||| DROPPING +0 flail.
  6704 | D:6      | Reached skill level 12 in Axes
  6711 | D:6      | 6711 ||| Stepping ~*~*~tactically~*~*~ (hiding).
  6712 | D:6      | 6712 ||| Stepping ~*~*~tactically~*~*~ (hiding).
  6714 | D:6      | 6714 ||| INVOKING Berserk.
  6987 | D:6      | Reached XP level 9. HP: 72/79 MP: 8/8
  7090 | D:6      | 7090 ||| INVOKING Berserk.
  7271 | D:6      | Found a sparkling altar of Nemelex Xobeh.
  7314 | D:6      | Found a glowing golden altar of the Shining One.
  7505 | D:6      | 7505 ||| READING 2 scrolls labelled ZYIR YGIHE.
  7509 | D:6      | 7509 ||| DRINKING 2 bubbling black potions.
  7592 | D:7      | Found Gattoet's Assorted Antiques.
  7597 | D:7      | 7597 ||| BUYING 2 brown potions (50 gold).
  7597 | D:7      | Bought 2 brown potions for 50 gold pieces
  7597 | D:7      | 7597 ||| BUYING glowing scarf (224 gold).
  7597 | D:7      | Bought a glowing scarf for 224 gold pieces
  7597 | D:7      | 7597 ||| BUYING morningstar (112 gold).
  7597 | D:7      | Bought a morningstar for 112 gold pieces
  7597 | D:7      | 7597 ||| BUYING scroll labelled XOLYR OSIF (28 gold).
  7597 | D:7      | Bought a scroll labelled XOLYR OSIF for 28 gold pieces
  7597 | D:7      | 7597 ||| SHOPLISTING scroll of identify (56 gold, have 32).
  7597 | D:7      | 7597 ||| BUYING silvery potion (25 gold).
  7597 | D:7      | Bought a silvery potion for 25 gold pieces
  7597 | D:7      | 7597 ||| DROPPING +1 vampiric whip.
  7643 | D:7      | Noticed Joseph
  7645 | D:7      | 7645 ||| FLEEEEING.
  7646 | D:7      | 7646 ||| FLEEEEING.
  7647 | D:7      | 7647 ||| FLEEEEING.
  7656 | D:7      | 7656 ||| INVOKING Berserk.
  7660 | D:7      | Killed Joseph
  7661 | D:7      | Reached skill level 13 in Axes
  7684 | D:7      | HP: 18/79 [centaur/arrow (7)]
  7685 | D:7      | 7685 ||| READING scroll of teleportation.
  7685 | D:7      | HP: 8/79 [centaur/arrow (7)]
  7686 | D:7      | 7686 ||| DRINKING potion of heal wounds.
  7709 | D:7      | HP: 15/79 [poisoned by a kobold brigand]
  7710 | D:7      | 7710 ||| DRINKING potion of curing.
  7710 | D:7      | 7710 ||| (to cure poison)
  7714 | D:7      | 7714 ||| INVOKING Berserk.
  7714 | D:7      | HP: 29/118 [poisoned by a kobold brigand]
  7719 | D:7      | HP: 20/118 [poisoned by a kobold brigand]
  7723 | D:7      | HP: 9/118 [poisoned by a killer bee]
  7724 | D:7      | HP: 4/118 [poisoned by a killer bee]
  7727 | D:7      | Succumbed to a killer bee's poison

Levels and vault maps discovered:
D:1:      tarquinn_simple_flora_water_b, layout_rooms,
          chequers_ecumenical_altar_simple, minmay_domino_4
D:2:      layout_loops_ring, eino_tiny_chamber
D:3:      layout_basic, trog_book
D:4:      layout_basic, grunt_gozag_breadcrumbs, portal_sewer_entry_e,
          minmay_divided_ellipse, uniq_robin, uniq_ijyb
D:5:      layout_loops_ring, minmay_temple_entry_antechambers,
          hangedman_decor_peaks_small, minmay_diced_spiral
D:6:      nicolae_cairo_tiling_large_dashed, layout_gridville,
          nemelex_xobeh_ov_fountains_minmay, tso_altar
D:7:      gammafunk_steamed_eel, layout_loops_ring, serial_shops, shop,
          hangedman_feature_mirror, uniq_joseph

Skill      XL: |  1  2  3  4  5  6  7  8  9 |
---------------+----------------------------+-----
Axes           | 4 5 7 9 10 12 13 | 13.5
Fighting       | 4 6 7 |  7.6
Throwing       | 1 |  1.3
Armour         | 3 4 5 |  5.0
Dodging        | |  2.1

Action                   |  1- 3 |  4- 6 |  7- 9 || total
-------------------------+-------+-------+-------++-------
Melee: Hand axe          |   104 |   149 |       ||   253
       Headbutt          |    14 |    20 |    29 ||    63
       Punch             |       |     2 |     2 ||     4
       War axe           |       |       |    61 ||    61
       Broad axe         |       |       |   112 ||   112
Throw: Boomerang         |       |    37 |    48 ||    85
Invok: Berserk           |     2 |     3 |     6 ||    11
  Use: Scroll            |     2 |     2 |     5 ||     9
       Potion            |       |     3 |     4 ||     7
Armor: Animal skin       |    10 |       |       ||    10
       Scale mail        |     5 |    40 |    12 ||    57
       Chain mail        |       |       |    66 ||    66
Dodge: Dodged            |    51 |    73 |    76 ||   200

Table legend:
 A = Non-vault XP
 B = Vault XP
 C = Vault XP percentage of total XP
 D = Non-vault monster count
 E = Vault monster count
 F = Vault count percentage of total count
                 A         B        C        D         E       F
            +---------+---------+-------+---------+---------+-------
      Total |    2973 |    1058 |  26.2 |     156 |      39 |  20.0
            +---------+---------+-------+---------+---------+-------
        D:1 |      80 |       3 |   3.6 |      34 |       2 |   5.6
        D:2 |      50 |       0 |   0.0 |      21 |       0 |   0.0
        D:3 |      38 |       0 |   0.0 |      16 |       0 |   0.0
        D:4 |     704 |     484 |  40.7 |      31 |      33 |  51.6
        D:5 |     424 |     132 |  23.7 |      11 |       3 |  21.4
        D:6 |    1079 |       0 |   0.0 |      32 |       0 |   0.0
        D:7 |     598 |     439 |  42.3 |      11 |       1 |   8.3
            +---------+---------+-------+---------+---------+-------
